 Dungeon Crawl Stone Soup version 0.22.1-1-ga44c0e5 (webtiles) character file.

26 Iscandelvey the Conjurer (level 2, -6/20 HPs)
             Began as a Demigod Conjurer on Sept 29, 2018.
             Killed from afar by Sigmund (8 damage)
             ... with a magic dart
             ... on level 2 of the Dungeon.
             The game lasted 00:04:26 (1101 turns).

Iscandelvey the Conjurer (Demigod Conjurer)         Turns: 1101, Time: 00:04:27

Health: -6/20      AC:  2    Str: 11    XL:     2   Next: 69%
Magic:  2/7        EV: 28    Int: 19    God:
Gold:   47         SH:  0    Dex: 16    Spells: 1/4 levels left

rFire    . . .     SeeInvis .   d - +0 dagger
rCold    . . .     Gourm    .   (no shield)
rNeg     . . .     Faith    .   a - +0 robe
rPois    .         Spirit   .   (no helmet)
rElec    .         Reflect  .   (no cloak)
rCorr    .         Harm     .   (no gloves)
MR       .....                  (no boots)
Stlth    ++........             f - amulet of the acrobat
HPRegen  0.06/turn              (no ring)
MPRegen  0.10/turn              (no ring)

@: no status effects
A: high mp 1
a: no special abilities


You were on level 2 of the Dungeon.
You were not hungry.

You visited 1 branch of the dungeon, and saw 2 of its levels.

You collected 47 gold pieces.

Inventory:

Hand Weapons
 d - a +0 dagger (weapon)
Armour
 a - a +0 robe (worn)
Jewellery
 f - an amulet of the acrobat (around neck)
Scrolls
 b - a scroll of magic mapping {unknown}
 h - a scroll of teleportation {unknown}
 i - 3 scrolls of remove curse {unknown}
 k - 3 scrolls of identify {unknown}
 l - a scroll of fog {unknown}
Potions
 e - a potion of berserk rage {unknown}
 g - 3 potions of agility {unknown}
 j - 2 potions of might {unknown}
Comestibles
 c - 3 rations
 m - 5 chunks of flesh


   Skills:
 + Level 0.1 Short Blades
 + Level 2.0 Dodging
 + Level 2.0 Stealth
 + Level 1.9 Spellcasting
 + Level 4.1 Conjurations


You had one spell level left.
You knew the following spells:

 Your Spells              Type           Power        Failure   Level  Hunger
a - Magic Dart            Conj           ###.         3%          1    #......
b - Searing Ray           Conj           ###...       4%          2    ###....

Your spell library contained the following spells:

 Spells                   Type           Power        Failure   Level  Hunger
 Dazzling Spray           Conj/Hex       #.....       22%         3    ###....
 Iskenderun's Mystic Bla  Conj           ###.....     30%         4    #####..
 Force Lance              Conj/Tloc      #.......     58%         4    #####..
 Fulminant Prism          Conj/Hex       #.........   58%         4    #####..


Dungeon Overview and Level Annotations

Branches:
Dungeon (2/15)

Annotations:
D:2 Sigmund


Innate Abilities, Weirdness & Mutations

You have an increased reservoir of magic. (+10% MP)


Message History

(Press . to maintain the ray.)
The searing ray hits Sigmund.
Sigmund is moderately wounded.
Sigmund drinks a potion.
Sigmund flickers and vanishes!
Deactivating autopickup; reactivate with Ctrl-A.
The searing ray hits something.
The rat twitches its whiskers.
Something hits you!
Ouch! That really hurt!
* * * LOW HITPOINT WARNING * * *
Something freezes you.
* * * LOW HITPOINT WARNING * * *
The searing ray hits something.
The searing ray hits the rat.
You kill the rat!
You finish channeling your searing ray.
An adder comes into view.
The adder hisses angrily.
A magic dart appears from out of thin air!
The magic dart hits you!
You die...

.. # ### .#
#S#.... ###
.#.#† ..#
S.. #.# #{#
... #.# #[#
###.####
#.###
#(..@..#
#.#..
#.#.##.#
########....
#.#.##.#
#.....###...
#.#.##.#
#.....###..#
#.#.##.#
#..#.......#
#......#
#.....###.##
###.####
#.....# #...
#.# #######
#### #.#
######### ##


You could see an adder.

Vanquished Creatures
  A giant cockroach (D:1)
  5 goblins
  2 hobgoblins (D:1)
  8 jackals
  2 bats (D:1)
  A frilled lizard (D:1)
  2 kobolds (D:1)
  2 rats
23 creatures vanquished.

Notes
Turn   | Place    | Note
-------+----------+-------------------------------------------
     0 | D:1      | Iscandelvey the Demigod Conjurer began the quest for the
                  | Orb.
     0 | D:1      | Reached XP level 1. HP: 14/14 MP: 5/5
   236 | D:1      | Reached skill level 4 in Conjurations
   288 | D:1      | Reached XP level 2. HP: 20/20 MP: 4/7
   867 | D:2      | Learned a level 2 spell: Searing Ray
  1095 | D:2      | Noticed Sigmund
  1101 | D:2      | Killed from afar by Sigmund

Skill      XL: |  1  2 |
---------------+-------+-----
Conjurations   | 4 |  4.1
Dodging        | 2 |  2.0
Stealth        | 2 |  2.0
Short Blades   | |  0.1
Spellcasting   | |  1.9

Action                   || total
-------------------------++-------
Melee: Unarmed           ||     3
       Dagger            ||    29
 Cast: Magic Dart        ||    39
       Searing Ray       ||     1
  Eat: Chunk             ||     1
Armor: Robe              ||    15
Dodge: Dodged            ||    37
